 Dungeon Crawl Stone Soup version 0.17.1-3-g152610e (webtiles) character file.

251364 Jerry the Carver (level 19, -1/234 HPs)
             Began as a Naga Fighter on Mar 3, 2016.
             Was a High Priest of Ashenzari.
             Killed by divine providence
             ... invoked by a deep elf high priest
              (12 damage)
             ... on level 3 of the Elven Halls on Mar 5, 2016.
             The game lasted 09:03:29 (40228 turns).

Jerry the Carver (Naga Fighter)                    Turns: 40228, Time: 09:03:30

Health: -1/234     AC: 30    Str: 30    XL:     19   Next: 65%
Magic:  22/32      EV: 19    Int: 20    God:    Ashenzari [*****.]
Gold:   3542       SH: 18    Dex: 14    Spells: 7 memorised, 0 levels left

rFire  + . .     SeeInvis +     b - +5 long sword (flame)
rCold  . . .     Clarity  +     (armour currently unavailable)
rNeg   + + .     SustAt   .     S - +5 shield {AC+3} (curse)
rPois  ∞         Gourm    .     r - +1 helmet (curse)
rElec  +         Spirit   .     y - +1 cloak (curse)
rCorr  .         Warding  .     (gloves currently unavailable)
rMut   .         Stasis   .     (no barding)
MR     +++..                    A - amulet of rage (curse)
Stlth  ++++......               h - ring "Sooleo" {rPois rF+ rN+ Str+2 Int+3} (curse)
                                l - ring of protection from magic (curse)

@: mighty, about to teleport, statue-form, very slightly contaminated, hasted,
quick, extremely resistant to hostile enchantments, stealthy
A: (slimy green scales 0), thin skeletal structure 1, see invisible, agile 1,
clever 1, deformed body, poison resistance, (slowness 0), slow metabolism 1,
spit poison 2, strong 1, constrict 1, AC +6
a: Spit Poison, End Transformation, Scrying, Transfer Knowledge, Renounce
Religion, Evoke Berserk Rage
}: 2/15 runes: decaying, gossamer


You were on level 3 of the Elven Halls.
You worshipped Ashenzari.
Ashenzari was extremely pleased with you.
You were very hungry.
You were a stone statue.
You visited 7 branches of the dungeon, and saw 35 of its levels.
You also visited: Sewer, Bailey and Volcano.

You collected 4679 gold pieces.
You spent 1137 gold pieces at shops.

Inventory:

Hand Weapons
 b - a +5 long sword of flaming (weapon)
 k - a +5 double sword of holy wrath
Missiles
 n - 13 tomahawks of returning (quivered)
Armour
 r - a cursed +1 helmet (worn)
 y - a cursed +1 cloak (worn)
 C - a +2 robe of cold resistance
 M - a cursed +4 naga barding of flying (melded)
 N - the cursed +1 robe of Defence (melded) {Regen+ Dex+5}
   (You found it in a bailey)

   It affects your dexterity (+5).
   It increases your rate of regeneration.
   It has a curse placed upon it.
 S - a cursed +5 shield of protection (worn)
 Y - a cursed +0 pair of gloves (melded)
Jewellery
 d - an uncursed amulet of warding
 h - the cursed ring "Sooleo" (right hand) {rPois rF+ rN+ Str+2 Int+3}
   (You found it on level 1 of the Swamp)

   [ring of poison resistance]

   It affects your strength (+2).
   It affects your intelligence (+3).
   It protects you from fire.
   It protects you from poison.
   It protects you from negative energy.
   It has a curse placed upon it.
 l - a cursed ring of protection from magic (left hand)
 A - a cursed amulet of rage (around neck)
Wands
 p - a wand of digging (10)
 x - a wand of confusion (15)
 B - a wand of teleportation (5)
 R - a wand of teleportation (3)
Scrolls
 f - 4 scrolls of curse armour
 g - 2 scrolls of curse weapon
 i - 5 scrolls of blinking
 j - a scroll of amnesia
 q - 6 scrolls of magic mapping
 u - 4 scrolls of fear
 v - 7 scrolls of recharging
 w - 6 scrolls of fog
 z - 5 scrolls of curse jewellery
 F - 11 scrolls of identify
 J - a scroll of immolation
 W - 3 scrolls of remove curse
 Z - 7 scrolls of teleportation
Potions
 c - 4 potions of haste
 o - 9 potions of curing
 s - 5 potions of resistance
 D - a potion of magic
 G - a potion of berserk rage
 O - 2 potions of cure mutation
 P - a potion of heal wounds
 U - a potion of brilliance
Miscellaneous
 a - a disc of storms
 X - a stone of tremors
Comestibles
 e - 17 bread rations
 m - 14 meat rations
 t - 2 beef jerkies
 K - 33 fruits
 T - a royal jelly


   Skills:
 - Level 13.6 Fighting
 - Level 14.2 Long Blades
   Level 2.6 Staves
 - Level 9.5 Armour
 - Level 12.3(16.0) Dodging
 - Level 3.6(7.2) Stealth
 - Level 7.3(10.1) Shields
 - Level 9.4 Spellcasting
 + Level 3.1(6.5) Hexes
 + Level 7.4(11.4) Charms
 + Level 7.4(11.4) Transmutations
 + Level 9.3(13.1) Earth Magic
 - Level 12.7(16.3) Evocations


You couldn't memorise any spells.
You knew the following spells:

 Your Spells              Type           Power        Failure   Level  Hunger
a - Iron Shot             Conj/Erth      #####.....   75%         6    ######.
b - Statue Form           Trmt/Erth      ######...    10%         6    ######.
c - Invisibility          Hex            #####...     85%         6    ######.
d - Haste                 Chrm           ######..     12%         6    ######.
e - Deflect Missiles      Chrm/Air       ####......   91%         6    ######.
f - Regeneration          Chrm/Necr      ####......   1%          3    None
g - Spectral Weapon       Hex/Chrm       #####...     1%          3    None


Dungeon Overview and Level Annotations

Branches:
Dungeon (11/15)            Temple (1/1) D:7            Lair (8/8) D:10
  Swamp (4/4) Lair:6       Spider (4/4) Lair:6        Slime (0/6) Lair:8
    Orc (4/4) D:11            Elf (3/3) Orc:3

Altars:
Ashenzari
Cheibriados
Dithmenos
Elyvilon
Fedhas
Gozag
Kikubaaqudgha
Makhleb
Nemelex Xobeh
Okawaru
Qazlal
Ru
Sif Muna
Trog
Vehumet
Xom
Yredelemnul
Zin
The Shining One
Beogh

Shops:
Orc:1 :   Orc:4 :([?   Elf:1 %   Elf:3 %

Portals:
Hell: Lair:8


Innate Abilities, Weirdness & Mutations

You cannot wear boots.
((Your serpentine skin is tough (AC +6).))
You have supernaturally acute eyesight.
Armour fits poorly on your strangely shaped body.
Your system is resistant to poisons.
((You cover ground very slowly.))
You have a slow metabolism.
You can spit poison.
You can use your snake-like lower body to constrict enemies.
((You are partially covered in slimy green scales (AC +2).))
You have a somewhat thin skeletal structure (Dex +2, Stealth).
You are agile. (Dex +2)
Your mind is acute. (Int +2)
Your muscles are strong. (Str +2)


Message History

The deep elf high priest is heavily wounded.
The orb of electricity explodes!
The orb of electricity engulfs the sixfirhy.
The sixfirhy seems to be charged up!
The sixfirhy is moderately wounded.
The orb of electricity engulfs the deep elf high priest.
You kill the deep elf high priest!
The zap hits the deep elf high priest.
The deep elf high priest is almost dead.
You are feeling very hungry.
You hear a shout! x3
The deep elf high priest mumbles some strange prayers to its god against you.
Something smites you!
* * * LOW HITPOINT WARNING * * *
The deep elf sorcerer mumbles some strange words.
The deep elf sorcerer closely misses you.
The deep elf high priest prays.
The deep elf high priest calls down the wrath of its god upon you.
Something smites you!
You die...

, , , ,*#.......)...#
*,, ,.......
#......§..§.# *,
,,#.#....*#...........#
, * ,.#.....
#..........≈# ,
......e##......≈....#*,
,
,........###...≈...###,
, ......e)..##.....##, {
,.......eee.###§###e{ *
#......8..3.e)§§e3e§..,,
##...§...4e)...§e4..§. ,
#..4e..........e.....,
#..3.#....§4)..4....#
#...#####.........### ,
#... { *##.......#.**
#.. , , ###≈..####. ,
#..,∆, ,, **...#, , *,,
,,, ,, *..... ,, ,


You could see a deep elf master archer, a deep elf annihilator, 2 deep elf
sorcerers, a soul eater, an ice devil, 4 deep elf high priests, a hellwing, a
rust devil and a sixfirhy.

Vanquished Creatures
  Norris (Spider:3)
  Nikola (Swamp:4)
  Jorgrun (Swamp:4)
  Rupert (Lair:3)
  3 deep elf blademasters
  Frances (Elf:1)
  4 thorn hunters
  The ghost of trgk the Peltast, an adept MiFi of Okawaru (Spider:4)
  Roxanne (Elf:2)
  The ghost of Jerry the Carver, a journeyman NaFi of Cheibriados (Spider:3)
  Donald (Elf:1)
  5 deep elf sorcerers
  3 ghost moths (Spider:4)
  Aizul (Swamp:4)
  6 emperor scorpions (Spider:4)
  2 orc warlords
  Nessos (Orc:4)
  4 deep elf demonologists
  A deep elf annihilator (Elf:1)
  A mottled draconian (Volcano)
  Snorg (Lair:4)
  A deep elf high priest (Elf:3)
  Josephine (Lair:4)
  5 ghost crabs
  23 hydras
  2 entropy weavers
  A catoblepas (Lair:7)
  12 alligators
  5 death yaks (Lair:8)
  16 dancing weapons (Elf:2)
  The ghost of MixedWithMadness the Shield-Bearer, a novice HuFi of Makhleb (Lair:2)
  A sun demon (Lair:8)
  Urug (Lair:3)
  3 orc high priests
  Nergalle (Orc:2)
  18 deep elf knights
  A small abomination (Elf:3)
  2 fire crabs (shapeshifter) (Elf:1)
  6 spriggan druids
  12 deep elf summoners
  12 swamp dragons
  A lindwurm (Lair:8)
  5 orc knights
  6 deep elf conjurers
  A necromancer (Spider:1)
  A hill giant (D:11)
  9 wolf spider zombies (Spider:1)
  A wizard (Lair:8)
  An oklob plant (Lair:1)
  29 wolf spiders
  A griffon (Lair:2)
  5 orc sorcerers
  9 orb spiders
  A manticore (D:11)
  A sixfirhy (Lair:8)
  11 hornets
  A cyclops (D:11)
  3 moths of wrath
  20 spiny frogs
  3 elephants
  8 black mambas
  4 orange demons (Lair:8)
  3 torpor snails
  A gargoyle (D:11)
  2 molten gargoyles (Volcano)
  5 fire drakes
  5 komodo dragons
  13 demonic crawlers
  A hellwing (Lair:8)
  A blue devil (Lair:8)
  4 trolls
  12 deep elf priests
  A polar bear (Lair:7)
  7 giant leeches
  A jumping spider (shapeshifter) (Elf:1)
  21 jumping spiders
  A queen bee (shapeshifter) (Elf:2)
  3 red devils (Lair:8)
  Grinder (D:4)
  A two-headed ogre (Volcano)
  11 slime creatures (Swamp:2)
  2 spriggans
  9 bog bodies
  9 tarantella zombies (Spider:1)
  11 blink frogs
  4 wraiths (Lair:4)
  Sigmund (D:3)
  34 redbacks
  18 yaks
  21 trapdoor spiders
  21 deep elf magi
  A wyvern (D:10)
  A shadow (Swamp:3)
  22 vampire mosquitoes
  6 basilisks
  17 tarantellas
  28 deep elf fighters
  2 hill giant zombies (D:11)
  A spriggan (shapeshifter) (Elf:1)
  10 hippogriffs
  2 hungry ghosts
  9 wargs
  Menkaure (D:5)
  26 wolves
  21 swamp worms
  Edmund (D:5)
  19 water moccasins
  2 hell hounds (Lair:8)
  7 wasps
  3 black bears
  24 spiders
  A sky beast (D:11)
  14 crocodiles
  13 swamp drakes
  4 ice beasts
  3 phantoms
  10 porcupines
  51 orc warriors
  4 centaurs
  9 ogres
  2 boggarts (Elf:1)
  6 big kobolds (Sewer)
  19 giant frogs
  8 spider zombies (Spider:1)
  A water moccasin skeleton (D:9)
  A wyvern skeleton (D:11)
  17 killer bees
  5 wights (D:10)
  3 scorpions
  4 electric eels
  3 lava snakes (Volcano)
  2 centaur zombies
  3 jellies
  A quasit (D:8)
  4 crimson imps
  35 orc priests
  3 centaur skeletons
  Crazy Yiuf (D:3)
  5 hounds
  Jessica (D:3)
  5 iguanas
  34 orc wizards
  12 worker ants
  Natasha (thrice) (D:4)
  A gnoll shaman (D:8)
  6 hell rats (Lair:3)
  26 sheep
  6 ogre zombies (D:11)
  A hound zombie (D:6)
  A worker ant zombie (D:6)
  2 hound skeletons
  Robin (D:3)
  21 adders
  2 gnolls (D:8)
  88 river rats
  3 shadow imps
  2 adder zombies
  7 oozes
  6 worms
  7 giant geckos
  212 orcs
  5 giant cockroaches
  13 hobgoblins
  8 jackals
  19 kobolds
  7 quokkas
  3 ball pythons
  13 bats
  A giant gecko skeleton (D:7)
  3 giant newts
  15 goblins
  4 goblin skeletons (D:11)
  3 goblin zombies (D:11)
  A hobgoblin skeleton (D:11)
  6 hobgoblin zombies (D:11)
  11 orc zombies (D:11)
  23 rats
  4 fungi
  13 plants
1544 creatures vanquished.

Vanquished Creatures (collateral kills)
  A deep elf knight (Elf:1)
  2 deep elf summoners (Elf:1)
  A deep elf mage (Elf:1)
  A deep elf fighter (Elf:1)
  A crimson imp (D:6)
  An adder skeleton (D:6)
  2 orcs (D:6)
9 creatures vanquished.

Vanquished Creatures (others)
  A wizard (D:8)
  A fire drake (Lair:6)
  A tarantella (Spider:3)
  A swamp worm (Swamp:2)
  An orc warrior (Volcano)
  A giant frog (Lair:2)
  5 sheep (Lair:4)
  7 river rats (Lair:2)
  A quokka (D:6)
  A crawling corpse (Elf:3)
  23 fungi
  7 plants
50 creatures vanquished.

Grand Total: 1603 creatures vanquished

Notes
Turn   | Place    | Note
--------------------------------------------------------------
     0 | D:1      | Jerry the Naga Fighter began the quest for the Orb.
     0 | D:1      | Reached XP level 1. HP: 21/21 MP: 1/1
   251 | D:1      | Reached XP level 2. HP: 12/28 MP: 2/2
   673 | D:1      | Reached skill level 1 in Stealth
  1451 | D:2      | Reached XP level 3. HP: 34/34 MP: 3/3
  2006 | D:2      | Reached XP level 4. HP: 38/42 MP: 4/4
  2444 | D:3      | Found a glowing drain.
  2454 | Sewer    | Entered a sewer
  2528 | Sewer    | Noticed a big kobold
  2558 | Sewer    | Killed a big kobold
  2558 | Sewer    | Reached XP level 5. HP: 29/49 MP: 5/5
  2898 | Sewer    | Noticed a big kobold
  2910 | Sewer    | Killed a big kobold
  2910 | Sewer    | Reached XP level 6. HP: 53/56 MP: 6/6
  2983 | Sewer    | Reached skill level 1 in Dodging
  3021 | Sewer    | Noticed a big kobold
  3037 | Sewer    | Killed a big kobold
  3048 | Sewer    | Noticed a big kobold
  3059 | Sewer    | Killed a big kobold
  3234 | Sewer    | Noticed a big kobold
  3248 | Sewer    | Killed a big kobold
  3248 | Sewer    | Reached skill level 4 in Polearms
  3248 | Sewer    | Reached XP level 7. HP: 58/62 MP: 7/7
  3323 | Sewer    | Noticed a big kobold
  3350 | Sewer    | Killed a big kobold
  3645 | D:3      | Noticed Robin
  3654 | D:3      | Killed Robin
  3731 | D:3      | Found a sacrificial altar of Ru.
  3740 | D:3      | Noticed Sigmund
  3759 | D:3      | Killed Sigmund
  4046 | D:3      | Noticed Jessica
  4075 | D:3      | Killed Jessica
  4077 | D:3      | Found a shadowy altar of Dithmenos.
  4157 | D:3      | Noticed Crazy Yiuf
  4166 | D:3      | Paralysed by Crazy Yiuf for 4 turns
  4172 | D:3      | Killed Crazy Yiuf
  4172 | D:3      | Reached XP level 8. HP: 69/69 MP: 4/8
  4553 | D:4      | Reached skill level 1 in Staves
  4632 | D:4      | Noticed Grinder
  4646 | D:4      | Killed Grinder
  4879 | D:4      | Noticed Natasha
  4883 | D:4      | Killed Natasha
  4889 | D:4      | Noticed Natasha
  4905 | D:4      | Killed Natasha
  4971 | D:4      | Noticed Natasha
  4988 | D:4      | Killed Natasha
  5029 | D:5      | Entered Level 5 of the Dungeon
  5079 | D:5      | Reached skill level 5 in Armour
  5146 | D:5      | Found a stormy altar of Qazlal.
  5324 | D:5      | Noticed Menkaure
  5332 | D:5      | Killed Menkaure
  5648 | D:5      | Reached XP level 9. HP: 68/76 MP: 9/9
  5657 | D:5      | Noticed Edmund
  5667 | D:5      | Killed Edmund
  5894 | D:6      | Found a shimmering altar of Xom.
  5902 | D:6      | Found a glowing golden altar of the Shining One.
  6274 | D:6      | Found a shattered altar of Ashenzari.
  6283 | D:6      | Became a worshipper of Ashenzari the Shackled
  6320 | D:6      | Found a white marble altar of Elyvilon.
  6450 | D:6      | Reached skill level 1 in Evocations
  6868 | D:6      | Found a basalt altar of Yredelemnul.
  7039 | D:6      | Reached * piety under Ashenzari
  7147 | D:6      | Reached skill level 6 in Armour
  7304 | D:7      | Found a staircase to the Ecumenical Temple.
  7320 | D:7      | Reached skill level 5 in Dodging
  7323 | Temple   | Entered the Ecumenical Temple
  8068 | D:7      | Found a glowing silver altar of Zin.
  8202 | D:7      | Identified a scroll of acquirement
  8237 | D:8      | Reached ** piety under Ashenzari
  8387 | D:8      | Reached XP level 10. HP: 75/85 MP: 12/12
  8673 | D:8      | Found a bloodstained altar of Trog.
  8674 | D:8      | Noticed a wizard
  8682 | D:8      | Killed a wizard
  8852 | D:8      | Found a radiant altar of Vehumet.
  9323 | D:9      | Reached skill level 5 in Staves
  9355 | D:9      | Reached *** piety under Ashenzari
  9447 | D:9      | Reached skill level 7 in Armour
  9696 | D:9      | Reached skill level 5 in Evocations
  9775 | D:9      | Found a burning altar of Makhleb.
 10029 | D:10     | Entered Level 10 of the Dungeon
 10048 | D:10     | Found a flagged portal.
 10057 | Bailey   | Entered a bailey
 10313 | Bailey   | Got the cursed robe of Defence {Regen+ Dex+5}
 10343 | Bailey   | Found a bloodstained altar of Trog.
 10430 | Bailey   | Identified the cursed +1 robe of Defence {Regen+ Dex+5} (You found it in a bailey)
 10715 | D:10     | Found a staircase to the Lair.
 11116 | Lair:1   | Entered Level 1 of the Lair of Beasts
 11133 | Lair:1   | Found a dark tunnel.
 11164 | Volcano  | Entered a volcano
 11310 | Volcano  | Found a bloodstained altar of Trog.
 11310 | Volcano  | Noticed a mottled draconian
 11327 | Volcano  | Killed a mottled draconian
 11327 | Volcano  | Reached XP level 11. HP: 64/93 MP: 15/15
 11807 | Volcano  | Noticed a molten gargoyle
 11818 | Volcano  | Killed a molten gargoyle
 12072 | Volcano  | Noticed a molten gargoyle
 12081 | Volcano  | Killed a molten gargoyle
 12159 | Volcano  | Reached **** piety under Ashenzari
 12347 | Lair:1   | Reached skill level 1 in Long Blades
 12602 | Lair:1   | Reached skill level 8 in Armour
 13119 | Lair:1   | Noticed an oklob plant
 13148 | Lair:1   | Killed an oklob plant
 13242 | Lair:2   | Noticed MixedWithMadness's ghost (novice HuFi)
 13259 | Lair:2   | Killed MixedWithMadness's ghost
 13496 | Lair:2   | Reached skill level 5 in Long Blades
 13516 | Lair:2   | Reached XP level 12. HP: 98/102 MP: 17/17
 13704 | Lair:2   | Reached ***** piety under Ashenzari
 14594 | Lair:3   | Reduced skill Staves to level 5
 14598 | Lair:3   | Reached skill level 9 in Long Blades
 14680 | Lair:3   | Noticed Rupert
 14781 | Lair:3   | Reached skill level 10 in Long Blades
 14788 | Lair:3   | Noticed Urug
 14820 | Lair:3   | Killed Urug
 15344 | Lair:3   | Killed Rupert
 15344 | Lair:3   | Reached skill level 5 in Shields
 15692 | Lair:3   | Learned a level 2 spell: Ensorcelled Hibernation
 15698 | Lair:3   | Learned a level 5 spell: Phase Shift
 15835 | Lair:4   | Noticed Snorg
 15893 | Lair:4   | Noticed Josephine
 15994 | Lair:5   | Gained mutation: You can use your snake-like lower body to constrict enemies. [Naga growth]
 15994 | Lair:5   | Reached XP level 13. HP: 108/108 MP: 18/18
 16107 | Lair:4   | Killed Snorg
 16192 | Lair:4   | Killed Josephine
 16674 | Lair:4   | Found a shimmering altar of Xom.
 17285 | Lair:5   | Reached skill level 5 in Fighting
 18085 | Lair:6   | Found a hole to the Spider Nest.
 18105 | Lair:6   | Found a staircase to the Swamp.
 18918 | Spider:1 | Entered Level 1 of the Spider Nest
 19070 | Spider:1 | Reached XP level 14. HP: 121/123 MP: 21/21
 19332 | Spider:1 | Reached skill level 10 in Evocations
 19904 | Spider:1 | Reached skill level 11 in Long Blades
 21409 | Spider:3 | Reached skill level 10 in Dodging
 21721 | Spider:3 | Reached ****** piety under Ashenzari
 21772 | Spider:3 | Noticed Norris
 21791 | Spider:3 | Killed Norris
 21791 | Spider:3 | Reached XP level 15. HP: 135/135 MP: 23/23
 21954 | Spider:3 | Noticed Jerry's ghost (journeyman NaFi)
 21987 | Spider:4 | Entered Level 4 of the Spider Nest
 21987 | Spider:4 | Identified the ring "Wiajamu" {+Blink +Fly Str+2 Int+4}
 22001 | Spider:4 | Noticed trgk's ghost (adept MiFi)
 22032 | Spider:3 | Killed Jerry's ghost
 22442 | Spider:3 | Reached skill level 12 in Long Blades
 22493 | Spider:4 | Killed trgk's ghost
 23249 | Spider:4 | Reached skill level 10 in Fighting
 24128 | Spider:4 | Reached XP level 16. HP: 148/148 MP: 11/25
 24148 | Spider:4 | Got a gossamer rune of Zot
 24153 | Spider:4 | Gained mutation: You are partially covered in slimy green scales (AC +2). [mutagenic meat]
 24154 | Spider:4 | Gained mutation: Your mind is acute. (Int +2) [mutagenic meat]
 24651 | Spider:1 | Reached skill level 13 in Long Blades
 24706 | Lair:6   | Learned a level 8 spell: Summon Horrible Things
 24725 | Swamp:1  | Entered Level 1 of the Swamp
 24808 | Swamp:1  | Identified the ring "Sooleo" {rPois rF+ rN+ Str+2 Int+3}
 24878 | Swamp:1  | Reached skill level 1 in Summonings
 25042 | Swamp:1  | Noticed a thorn hunter
 25053 | Swamp:1  | Killed a thorn hunter
 25637 | Swamp:2  | Reached skill level 1 in Spellcasting
 26170 | Swamp:2  | Noticed a thorn hunter
 26213 | Swamp:2  | Killed a thorn hunter
 27092 | Swamp:3  | Reached XP level 17. HP: 142/159 MP: 26/26
 27406 | Swamp:4  | Entered Level 4 of the Swamp
 27406 | Swamp:4  | Noticed Jorgrun
 27440 | Swamp:4  | Killed Jorgrun
 27718 | Swamp:4  | Reached skill level 5 in Summonings
 27990 | Swamp:4  | Reached skill level 5 in Spellcasting
 28021 | Swamp:4  | Got a decaying rune of Zot
 28391 | Swamp:4  | Noticed Nikola
 28403 | Swamp:4  | Killed Nikola
 28437 | Swamp:4  | Noticed Aizul
 28495 | Swamp:4  | Killed Aizul
 29019 | Lair:6   | Gained mutation: You have a somewhat thin skeletal structure (Dex +2, Stealth). [potion of mutation]
 29019 | Lair:6   | Gained mutation: You are agile. (Dex +2) [potion of mutation]
 29925 | Lair:7   | Reduced skill Polearms to level 1
 30089 | Lair:8   | Entered Level 8 of the Lair of Beasts
 30144 | Lair:7   | HP: 11/238 [shot self (53)]
 30661 | Lair:8   | Found a staircase to the Slime Pits.
 31023 | Lair:8   | Found a burning altar of Makhleb.
 31079 | Lair:8   | Reached XP level 18. HP: 169/169 MP: 31/31
 31120 | Lair:8   | Found a gateway to Hell.
 31163 | Lair:8   | Identified a cursed +5 rod of clouds (14/14)
 31815 | D:11     | Found a staircase to the Orcish Mines.
 31929 | D:11     | Identified the +5 chain mail of Zugidy {rF- rN++ Int+3}
 32489 | Orc:1    | Entered Level 1 of the Orcish Mines
 32489 | Orc:1    | Found a radiant altar of Vehumet.
 32497 | Orc:1    | Found Agireask's Book Shoppe.
 32803 | Orc:1    | Found a runed door.
 32881 | Orc:1    | Found a roughly hewn altar of Beogh.
 32902 | Orc:1    | Learned a level 6 spell: Statue Form
 33393 | Orc:2    | Noticed Nergalle
 33408 | Orc:2    | Killed Nergalle
 33408 | Orc:2    | Reached skill level 1 in Transmutations
 33555 | Orc:2    | Reached skill level 1 in Earth Magic
 33635 | Orc:2    | Found a roughly hewn altar of Beogh.
 34531 | Orc:3    | Found a staircase to the Elven Halls.
 34860 | Orc:4    | Entered Level 4 of the Orcish Mines
 34983 | Orc:4    | Noticed Nessos
 35009 | Orc:4    | Killed Nessos
 35100 | Orc:4    | Found a roughly hewn altar of Beogh.
 35209 | Orc:4    | Found a roughly hewn altar of Beogh.
 35434 | Orc:4    | Found a roughly hewn altar of Beogh.
 35646 | Orc:4    | Found Fusafruri's Antique Weapon Shoppe.
 35654 | Orc:4    | Found a roughly hewn altar of Beogh.
 35667 | Orc:4    | Found Filopiybb's Antique Armour Emporium.
 35738 | Orc:4    | Found a roughly hewn altar of Beogh.
 35741 | Orc:4    | Found Jezusk's Magic Scroll Shop.
 35769 | Orc:4    | Bought a scroll of enchant armour for 82 gold pieces
 35769 | Orc:4    | Bought a scroll of enchant armour for 82 gold pieces
 35930 | Orc:4    | Found a roughly hewn altar of Beogh.
 36050 | Orc:4    | Found a roughly hewn altar of Beogh.
 36052 | Orc:4    | Found Tysoefoz's Book Emporium.
 36083 | Orc:4    | Bought the Catalogue of the Earthen Escort for 973 gold pieces
 36205 | Elf:1    | Entered Level 1 of the Elven Halls
 36511 | Elf:1    | Found an ancient bone altar of Kikubaaqudgha.
 36546 | Elf:1    | Noticed Frances
 36558 | Elf:1    | Killed Frances
 36718 | Elf:1    | Reached skill level 14 in Long Blades
 36769 | Elf:1    | Reached skill level 5 in Earth Magic
 36836 | Elf:1    | Gained mutation: Your muscles are strong. (Str +2) [potion of beneficial mutation]
 36876 | Elf:1    | Noticed Donald
 36891 | Elf:1    | Killed Donald
 36997 | Elf:1    | Reduced skill Summonings to level 5
 37073 | Elf:1    | Learned a level 6 spell: Haste
 37080 | Elf:1    | Learned a level 6 spell: Deflect Missiles
 37084 | Elf:1    | Learned a level 3 spell: Regeneration
 37088 | Elf:1    | Learned a level 3 spell: Spectral Weapon
 37127 | Elf:1    | Found Uqykh's Food Shoppe.
 37422 | Elf:2    | Noticed Roxanne
 37464 | Elf:2    | Killed Roxanne
 37466 | Elf:2    | Identified Roxanne's Guide on Transmigration (You took it off Roxanne on level 2 of the Elven Halls)
 37583 | Elf:2    | Reached skill level 5 in Transmutations
 37596 | Elf:2    | Reached XP level 19. HP: 144/180 MP: 32/32
 37733 | Elf:2    | Reached skill level 1 in Charms
 37993 | Elf:2    | Found a huge runed gate.
 37993 | Elf:2    | Found a huge runed gate.
 37993 | Elf:2    | Found a huge runed gate.
 37993 | Elf:2    | Found a huge runed gate.
 37993 | Elf:2    | Found a huge runed gate.
 38014 | Elf:2    | Reached skill level 5 in Charms
 38017 | Elf:2    | Reduced skill Summonings to level 1
 39296 | Lair:6   | Learned a level 6 spell: Iron Shot
 39303 | Lair:6   | Learned a level 6 spell: Invisibility
 39718 | Elf:3    | Entered Level 3 of the Elven Halls
 39748 | Elf:3    | Reached skill level 1 in Hexes
 39884 | Elf:3    | Found Qiocracomp's Food Boutique.
 40228 | Elf:3    | HP: 11/234 [deep elf high priest/divine providence (11)]
 40228 | Elf:3    | Killed from afar by a deep elf high priest

Action                   |  1- 3 |  4- 6 |  7- 9 | 10-12 | 13-15 | 16-18 | 19-21 || total
-------------------------+-------+-------+-------+-------+-------+-------+-------++-------
Melee: Trident           |   106 |   142 |   169 |       |       |       |       ||   417
       Quarterstaff      |       |       |   327 |   803 |       |       |       ||  1130
       Long sword        |       |       |       |   180 |  1334 |  1199 |    98 ||  2811
       Double sword      |       |       |       |       |       |   960 |   185 ||  1145
Throw: Stone             |       |       |     4 |       |       |       |       ||     4
       Tomahawk          |       |       |       |    18 |    50 |    66 |    12 ||   146
 Cast: Haste             |       |       |       |       |       |       |     1 ||     1
       Statue Form       |       |       |       |       |       |       |     1 ||     1
Invok: Transfer Knowledg |       |       |       |     1 |       |     2 |     1 ||     4
 Abil: Spit Poison       |     2 |    13 |    14 |     2 |       |     2 |       ||    33
       Evoke Berserk Rag |       |       |     4 |     9 |    11 |    10 |     1 ||    35
Evoke: Stone of tremors  |       |       |       |       |     1 |     2 |       ||     3
       Wand              |       |       |       |       |    21 |    17 |     3 ||    41
       Disc of storms    |       |       |       |       |     2 |    11 |     7 ||    20
  Use: Scroll            |       |     8 |    13 |    26 |     8 |    23 |     2 ||    80
       Potion            |       |       |     4 |     4 |     4 |     4 |     2 ||    18
 Stab: Sleeping          |     1 |       |       |    12 |    18 |    44 |     5 ||    80
       Paralysed         |       |       |     4 |     2 |       |       |       ||     6
       Confused          |       |       |     1 |     5 |     3 |     1 |       ||    10
       Petrifying        |       |       |     2 |    11 |       |       |       ||    13
       Petrified         |       |       |     1 |     3 |       |       |       ||     4
       Distracted        |       |       |       |       |     3 |     9 |     3 ||    15
  Eat: Chunk             |     2 |     5 |    16 |    18 |    10 |    28 |     4 ||    83
       Beef jerky        |       |       |     3 |     6 |     4 |       |     3 ||    16
       Fruit             |       |       |     2 |     1 |     7 |    21 |       ||    31
       Pizza             |       |       |       |       |     6 |     3 |       ||     9
